 Dungeon Crawl Stone Soup version 0.23-a0-839-g6d2b917 (console) character file.

107 Duffy the Chopper (level 4, 0/42 HPs)
             Began as a Naga Fighter on Jan 25, 2019.
             Slain by a jackal (2 damage)
             ... on level 3 of the Dungeon.
             The game lasted 00:01:10 (783 turns).

Duffy the Chopper (Naga Fighter)                     Turns: 783, Time: 00:01:11

Health: 0/42       AC:  4    Str: 18    XL:     4   Next: 85%
Magic:  13/13      EV:  6    Int: 10    God:
Gold:   16         SH:  9    Dex: 10    Spells: 3/3 levels left

rFire    . . .     SeeInvis +   a - +0 war axe
rCold    . . .     Gourm    .   c - +0 shield
rNeg     . . .     Faith    .   e - +0 ring mail
rPois    +         Spirit   .   (no helmet)
rElec    .         Reflect  .   (no cloak)
rCorr    .         Harm     .   (no gloves)
MR       .....                  (no barding)
Stlth    ..........             (no amulet)
HPRegen  0.14/turn              k - ring of magical power
MPRegen  0.13/turn              (no ring)

@: short of breath, very slow
A: large, see invisible, deformed body, poison resistance, slowness 2, slow
metabolism 1, spit poison 1, AC +1
a: Spit Poison


You were on level 3 of the Dungeon.
You were not hungry.

You visited 1 branch of the dungeon, and saw 4 of its levels.

You collected 16 gold pieces.

Inventory:

Hand Weapons
 a - a +0 war axe (weapon)
Armour
 b - a +0 scale mail
 c - a +0 shield (worn)
 e - a +0 ring mail (worn)
Jewellery
 k - a ring of magical power (left hand)
Scrolls
 i - a scroll of identify {unknown}
Potions
 d - a potion of might
 h - a potion of degeneration {unknown}
 j - a potion of agility {unknown}
 l - a potion of flight {unknown}
Comestibles
 f - 2 rations
 g - 2 chunks of flesh


   Skills:
 - Level 3.0 Fighting
 + Level 3.6 Axes
 - Level 2.4 Armour
 + Level 3.5 Shields


You had 3 spell levels left.
You didn't know any spells.
Your spell library was empty.

Dungeon Overview and Level Annotations

Branches:
Dungeon (4/15)
 Temple: D:4-7

Altars:


Innate Abilities, Weirdness & Mutations

You cannot wear boots.
Your serpentine skin is tough. (AC +1)
You have supernaturally acute eyesight. (SInv)
Armour fits poorly on your strangely shaped body.
Your system is resistant to poisons. (rPois)
You cover ground very slowly.
You have a slow metabolism.
You can spit poison.


Message History

The jackal bites you but does no damage.
You completely miss the jackal. You closely miss the jackal.
The jackal bites you. You block the jackal's attack. x2
The jackal barely misses you.
You closely miss the jackal. You slash the jackal!
You kill the jackal!
The jackal barely misses you. x2
The jackal bites you but does no damage.
You closely miss the jackal. x2; The jackal bites you. x2
The jackal barely misses you.
You barely miss the jackal. You hit the jackal. The jackal barely misses you.
The jackal closely misses you. The jackal bites you.
You block the jackal's attack.
Press: ? - help, Shift-Dir - straight line, f - jackal
Aim: a jackal The splash of poison hits the jackal.
You kill the jackal!
You feel slightly more hungry. The jackal closely misses you.
The jackal bites you.
You die...

... #.. ### #..##..
#.....## .......#
#.#....# #.#...#
#.#h#.# # #[@h#hh.
#.##### #..######
.....# ##..#
#.#.###..##
#..>.##..#
##.......# #.....#.#
#.....###
#####.....##########


You could see 2 jackals.

Vanquished Creatures
  An orc priest (D:3)
  An iguana (D:3)
  A worker ant (D:3)
  An adder (D:2)
  2 orcs (D:2)
  3 goblins (D:2)
  A hobgoblin (D:2)
  2 jackals (D:3)
  3 bats
  2 kobolds
  2 rats
19 creatures vanquished.

Vanquished Creatures (others)
  9 toadstools (D:2)
9 creatures vanquished.

Grand Total: 28 creatures vanquished

Notes
Turn   | Place    | Note
-------+----------+-------------------------------------------
     0 | D:1      | Duffy the Naga Fighter began the quest for the Orb.
     0 | D:1      | Reached XP level 1. HP: 21/21 MP: 1/1
   100 | D:2      | Reached XP level 2. HP: 18/28 MP: 2/2
   635 | D:2      | Reached XP level 3. HP: 33/34 MP: 3/3
   771 | D:3      | Reached XP level 4. HP: 11/42 MP: 4/4
   782 | D:3      | HP: 2/42 [jackal (1)]
   783 | D:3      | Slain by a jackal

Vault maps used:
D:1:      lightli_arrival_statuegarden
D:2:      cheibrodos_fertilizer, makhleb_grotto_becter, first_ration
D:3:      led_sif_book, goddamned_bats

Skill      XL: |  1  2  3 |
---------------+----------+-----
Axes           | 3 |  3.6
Shields        | 3 |  3.5
Fighting       | |  3.0
Armour         | |  2.4

Action                   |  1- 3 |  4- 6 || total
-------------------------+-------+-------++-------
Melee: War axe           |    46 |     9 ||    55
 Abil: Spit Poison       |     6 |     1 ||     7
Armor: Scale mail        |    12 |       ||    12
       Ring mail         |     9 |     7 ||    16
Dodge: Dodged            |    16 |    10 ||    26
Block: Shield            |    26 |     9 ||    35

Table legend:
 A = Non-vault XP
 B = Vault XP
 C = Vault XP percentage of total XP
 D = Non-vault monster count
 E = Vault monster count
 F = Vault count percentage of total count
                 A         B        C        D         E       F
            +---------+---------+-------+---------+---------+-------
      Total |     153 |       0 |   0.0 |      19 |       0 |   0.0
            +---------+---------+-------+---------+---------+-------
        D:1 |       3 |       0 |   0.0 |       3 |       0 |   0.0
        D:2 |      32 |       0 |   0.0 |      11 |       0 |   0.0
        D:3 |     118 |       0 |   0.0 |       5 |       0 |   0.0
            +---------+---------+-------+---------+---------+-------
